Workbook

Sheet Preliminaries
A1: ITEM NO | D1: QUANTITY | E1: RATE | F1: AMOUNT
B3: SECTION NO. 1 : PRELIMINARIES
B5: Bill No.1 : PRELIMINARIES
B7: PRELIMINARIES
B9: NOTES:
B11: BUILDING AGREEMENT AND PRELIMINARIES
B13: The JBCC Series 2000 Principal Building Agreement (July 2007 Edition 5.0 Reprint 1) prepared by the Joint Building Contracts Committee shall be the applicable building agreement, amended as hereinafter described
B15: The JBCC Principal Building Agreement Contract Data EC & CE form an integral part of this agreement.
B17: The ASAQS Preliminaries (November 2007 Edition) published by the Association of South African Quantity Surveyors for use with the JBCC Principal Building Agreement shall be deemed to be incorporated in these bills of quantities, amended as hereinafter described.
B19: Contractors are referred to the abovementioned documents for the full intent and meaning of each clause
B21: The clauses in the abovementioned documents are hereinafter referred to by clause number and heading only. Where standard clauses or alternatives are not entirely applicable to this contract such modifications, corrections or supplements as will apply are given under each relevant clause heading and such modifications, corrections or supplements shall take precedence notwithstanding anything contrary contained in the abovementioned documents.
B23: Where any item is not relevant to this specific agreement such item is marked N/A (signifying not applicable).
B25: PREAMBLES FOR TRADES
... B47: Definitions
A49: 1 | B49: Clause 1.0 - Definitions and interpretation | C49: Item | D49: 1
B51: Objective and preparations
A53: 2 | B53: Clause 2.0 - Offer acceptance and performance obligations | C53: Item | D53: 1
A55: 3 | B55: Clause 3.0 - Documents | C55: Item | D55: 1
A57: 4 | B57: Clause 4.0 - Design responsibility | C57: Item | D57: 1
A59: 5 | B59: Clause 5.0 - Employer's agents | C59: Item | D59: 1
A61: 6 | B61: Clause 6.0 - Contractor's site representative | C61: Item | D61: 1
A63: 7 | B63: Clause 7.0 - Compliance with laws and regulations. | C63: Item | D63: 1
A65: 8 | B65: Clause 7.2 - Health and Safety and Covid 19
B66: Without limiting the generality of the provisions of clause 7.0, the contractor's attention is drawn to the provisions of Construction Regulations, 2014 issued in terms of the Occupational Health and Safety Act, 1993. It is specifically stated that the employer shall prepare a documented health and safety specification for the works and Covid 19 specification (refer to Volume 1 of 2 C3.3 for a copy of the relevant specifications and baseline risk assessment) and that the Employer shall ensure that the Contractor has made provision for the cost of health and safety measures during the execution of the works. The contractor shall price opposite this item for compliance with the act and the regulations and the reasonable provisions of the aforementioned health and safety and Covid 19 specification , excluding the items priced and included in Section 4 Occupational Health and Safety and Covid 19 of these Bills of Quantities. | C66: Item | D66: 1
A68: 9 | B68: Clause 7.3 Construction Environmental Management Plan
B69: The Construction Environmental Management Plan (CEMP) incorporates specifications derived from recommendations in the SEA, ELIDZ Rezoning Environmental Impact Assessment (EIA) and comments Report. Department of Economic Affairs, Environment and Tourism's Conditions of Approval for the rezoning EIA, together with specifications for good 'environmental practice' for construction work. The purpose of the CEMP is to translate the recommendations of the SEA and the Rezoning EIA into a contractual environmental management plan which will be strictly applied during the construction of the works. A copy of the CEMP is attached (See C3.4 in Volume 1 of 2 of this document) and tenderers are to famliarize themselves with the provisions contained therein and allow for compliance with the same. | C69: Item | D69: 1
A71: 10 | B71: Clause 8.0 - Works risk | C71: Item | D71: 1
A73: 11 | B73: Clause 9.0 - Indemnities | C73: Item | D73: 1
A75: 12 | B75: Clause 10.0 - Insurances | C75: Item | D75: 1
A77: 13 | B77: Clause 11.0 - Special Insurances | C77: Item | D77: 1
A79: 14 | B79: Clause 12.0 - Effecting Insurances | C79: Item | D79: 1
A81: 15 | B81: Clause 13.0 - Assignment | C81: Item | D81: 1
A83: 16 | B83: Clause 14.0 - Security | C83: Item | D83: 1
B85: Execution
A87: 17 | B87: Clause 15.0 - Preparation for and execution of the works | C87: Item | D87: 1
A89: 18 | B89: Clause 16.0 - Site and access | C89: Item | D89: 1
A91: 19 | B91: Clause 17.0 - Contract instructions | C91: Item | D91: 1
A93: 20 | B93: Clause 18.0 - Setting out of the works
B94: The contractor shall notify the principal agent if any encroachments of adjoining foundations, buildings, structures, pavements, boundaries, etc. exist in order that the necessary arrangements may be made for the rectification of any such encroachments. | C94: Item | D94: 1
A96: 21 | B96: Clause 19.0 - Temporary works and plant Substitute clause 19.1.1 with the following:
B97: The contractor will, throughout the entire contract period be responsible for the proper and adequate protection of all workers and visitors on the site from injury and damage resulting from the works and for the proper security of the site at all times. Furthermore, the contractor must allow for all necessary temporary hoardings, hoardings with gantries, fans, safety screens, barriers, access gates, covered gangways, walkways, overhead protection against falling objects and materials, security fences, etc. for the enclosure of the works and elements thereof for the protection of the public and others as required by prevailing BCMM bylaws, the Construction Regulations 2014 issued in terms of Occupational Health and Safety Act 1993, any other Laws and Regulations and/or demanded by his own site requirements. Allowance must furthermore be made for periodic adjustment of any enclosure or protection and for their eventual removal.
B99: Hoardings and Temporary Fencing prescribed by the Employer and have been measured in the Provisional Bills of Quantities.
B100: All other hoarding must be priced for under this clause in the Preliminaries Bill and no claims for additional hoardings and temporary fencing will be entertained.
B101: All site establishment, offices and storage of materials will be strictly limited to the area demarcated (See C3.1: Scope of Work, paragraph 1.5 Temporary works) and the Contractors Site Area depicted on Drawing No 0046 ARCH DESIGN 209 Rev 0 Site Camp Locations attached to these Bills of Quantities, which must be suitably fenced with 1,8m high ‘Bonnox’ fencing covered with shadecloth to the satisfaction of the Principal Agent. The contractor shall be responsible for keeping such areas in a clean, sanitary and orderly condition. | C101: Item
A103: 22 | B103: Clause 19.1.2 Add the following to the end of Clause 19.1.2:
B104: The office accommodation for meetings is to be adequately sized and equipped with a sound working table and chairs to accommodate at least twenty (20) people for site meetings. The room is to be well vented with air-conditioning and fitted with two large white boards and pin boards with markers and erasers. Two plug points to be provided within the room. The access area around the offices and the toilets shall be surfaced with clean crushed stone, which shall be well drained, kept free from mud and maintained throughout the contract period. The office accommodation shall be located within Contractors Site Area depicted on Drawing No 0046 ARCH DESIGN 209 Rev 0 Site Camp Locations attached to these Bills of Quantities | C104: Item | D104: 1
A106: 23 | B106: Add the following clause after clause 19.1.2
B107: Clause 19.1.3 An office for the Clerk of Works and Resident Engineers. The office shall consist of one room with a floor area of at least 30 m2 and a ceiling height of at least 2.5 m, shall be weatherproof, shall have a either a wooden boarded floor that is at least 150mm above the ground or a concrete surface bed, and shall be provided with a ceiling and a lining to the walls, or equivalent insulation, with an acceptable type of door with a secure lock, and opening windows of glazed area at least 7 m2. The office shall be well ventilated with air-conditioning and shall be so insulated as to provide comfortable and dust free working conditions.
B108: The office shall have 10 power points and acceptable lighting. The following furniture needs to be provided: 10 chairs, 5 desks, 5 filing cabinets, 2 drawing racks. The access and the areas around the meeting room and office shall be surfaced with clean crushed stone. Furthermore, an adequate level parking area shall be provided also surfaced with clean crushed stone. Both areas shall be well drained, kept free of mud and maintained throughout the contract period.
B109: The contractor shall allow for the proper maintenance and regular cleaning of the meeting room and office during the contract period to ensure clean usable facilities at all times and shall clear away and make good on completion. The office for the Clerk of works and Resident Engineers shall be located within Contractors Site Area depicted on Drawing No 0046 ARCH DESIGN 209 Rev 0 Site Camp Locations attached to these Bills of Quantities | C109: Item | D109: 1
A111: 24 | B111: Clause 19.1.4 Add the following new clause after Clause 19.1.3:
B112: The Contractor must provide a temporary access road to the Contractors Site Camp as depicted on Drawing No 0046 ARCH DESIGN 209 Rev 0 Site Camp Locations attached to these Bills of Quantities which must be made up of adequate layer works to accommodate the Contractors and the Tenants site traffic for the duration of the contract.
B113: The temporary access road is to be maintained by the Contractor for the duration of the contract and the Contractor must re-instate/ rehabilitate contractors site and the access road from in accordance with Clause PS 6 of the CEMP Rev 8 January 2016 included in Part C3.4 in Envelope A: Volume 1 of 2 of these tender documents which sets out the Employers re-instatement requirements. | C113: Item | D113: 1
A115: 25 | B115: Clause 19.1.5 Add the following new clause after Clause 19.1.4:
B116: The Contractor must provide a sewer and a metered water and electrical connection to the Tenants site camp/ laydown area. | C116: Item | D116: 1
A118: 26 | B118: Clause 19.2 Amend the third sentence to clause 19.2 as follows:
B119: The contractor shall provide and erect a project notice board size 2.5m x 3.5m. | C119: Item | D119: 1
A121: 27 | B121: Add the following to the end of clause 19.3:
B122: The contractor shall re-instate/ rehabilitate the area used for site establishment the Contractors dedicated site/yard area as well as the access road from the entrance to the Contractors dedicated site/ yard area and the boundary between the Contractors dedicated site/ yard area and the Tenants laydown area as set out in Clause PS 6 of the CEMP Rev 8 January 2016 included in Part C3.4 in Envelope A: Volume 1 of 2 of these tender documents. (Note the Tenant's EPC Contractor will be responsible for re-instating their laydown area and the access road from the entrance to their laydown area). | C122: Item | D122: 1
A124: 28 | B124: Clause 20.0 - Nominated subcontractors
B125: Refer to the provisions on general attendance hereinafter | C125: Item | D125: 1
A127: 29 | B127: Clause 21.0 - Selected subcontractors
B128: General attendance of n/s subcontractors for pricing by the contractor shall be in accordance with the n/s agreement. Notwithstanding this provision, general attendance shall be deemed to include for the contractor to provide free of charge to any n/s subcontractor such scaffolding as may reasonably be required by such n / s subcontractor for the execution of the relevant subcontract work | C128: Item | D128: 1
A130: 30 | B130: Clause 22.0 - Employer's direct contractors
B131: Work to be undertaken by the Employers direct contractors are the installation of the crane, MCC containers, tanks and associated equipment, utilities/ services, RO plant, scubbers, cooling tower, generator, compressor and high level walkways. | C131: Item | D131: 1
A133: 31 | B133: Clause 23.0 - Contractor's domestic subcontractors | C133: Item | D133: 1
B135: Completion:
A137: 32 | B137: Clause 24.0 - Practical completion
B138: The contractor shall not receive any mark-up for overheads and profit on any omission of tenant installation work or tenant installation work by others. Claims of loss of profit shall not be entertained. | C138: Item | D138: 1
A140: 33 | B140: Clause 25.0 - Works completion | C140: Item | D140: 1
A142: 34 | B142: Clause 26.0 - Final completion | C142: Item | D142: 1
A144: 35 | B144: Clause 27.0 - Latent defects liability period | C144: Item | D144: 1
A146: 36 | B146: Clause 28.0 - Sectional completion | C146: Item | D146: 1
A148: 37 | B148: Clause 29.0 - Revision of date for practical completion
B149: The removal and replacement of materials and/or workmanship which do not conform to specification or drawing shall not constitute grounds for the extension of the construction period nor for the adjustment of the contract value (Clause 29.3) | C149: Item | D149: 1
A151: 38 | B151: Clause 30.0 - Penalty for late or non-completion | C151: Item | D151: 1
B153: Payment
A155: 39 | B155: Clause 31.0 - Interim Payment
B156: The inclusion of materials and goods stored off site in the amount authorised for payment in terms of clause 31.4 shall be at the sole discretion of the principal agent and such inclusion shall only be considered upon the provision, by the contractor, of an approved guarantee issued by a registered commercial bank. Clause 31.6.5 is therefore not applicable. | C156: Item | D156: 1
A158: 40 | B158: Clause 32.0 - Adjustment to the contract value
B159: Where prices are submitted by the contractor or n/s subcontractor during the progress of the works in respect of contract instructions or in regard to a claim under the terms of the contract and notwithstanding the fact that such prices may be used in an interim payment certificate, there is to be no presumption of acceptance. Should the principal agent wish to accept any such prices prior to the issue of the final payment certificate, it shall be in writing. | C159: Item | D159: 1
A161: 41 | B161: Clause 33.0 - Recovery of expense and loss | C161: Item | D161: 1
A163: 42 | B163: Clause 34.0 - Final account and final payment | C163: Item | D163: 1
A165: 43 | B165: Clause 35.0 - Payment to other parties | C165: Item | D165: 1
B167: Cancellation
A169: 44 | B169: Clause 36.0 - Termination by employer - contractor's default | C169: Item | D169: 1
A171: 45 | B171: Clause 37.0 - Termination by employer - loss and damage | C171: Item | D171: 1
A173: 46 | B173: Clause 38.0 - Termination by contractor - employer's default | C173: Item | D173: 1
A175: 47 | B175: Clause 39.0 - Termination - cessation of the works | C175: Item | D175: 1
B177: Dispute
A179: 48 | B179: Clause 40.0 - Settlement of disputes | C179: Item | D179: 1
B181: Contract Agreement
A183: 49 | B183: Clause 41.0 - Post tender provisions
B184: The required post tender information shall be inserted in the post tender provisions after consultation with the contractor | C184: Item | D184: 1
A186: 50 | B186: Clause 42.0 - Contractual agreement | C186: Item | D186: 1
B188: SECTION B: PRELIMINARIES
B190: Definitions and Interpretation
A192: 51 | B192: Clause 1.0 - Definitions and interpretation | C192: Item | D192: 1
B194: Documents
A196: 52 | B196: Clause 2.1 - Checking of documents | C196: Item | D196: 1
...

Sheet Building works
A1: ITEM NO | D1: QUANTITY | E1: RATE | F1: AMOUNT
B3: SECTION NO. 2 : BUILDING WORKS
B5: MANOR HOUSE, ANNEX BUILDING 01 MANOR & ANNEX BUILDING 02 MANOR
B7: BILL NO. 1
B9: ALTERATIONS
B11: View site
B13: Before submitting his tender the tenderer shall visit the site and satisfy himself as to the nature and extent of the work to be done and the value of the materials salvageable from the alterations. No claim for any variations of the contract sum in respect of the nature and extent of the work or of inferior or damaged materials will be entertained
B14: Explosives
B16: No explosives whatsoever may be used for alteration purposes unless otherwise stated
B18: General
B20: The contractor shall carry out the whole of the works with as little mess and noise as possible and with a minimum of disturbance to tenants in the building and to adjoining premises and their tenants. He shall provide proper protection and provide, erect and remove when directed, any temporary tarpaulins that may be necessary during the progress of the works, all to the satisfaction of the principal agent
B21: Doors, fanlights, windows, fittings, frames, linings, etc which are to remain the property of the employer shall be carefully taken out, temporarily stored, transported over a distance of approximately 5km to store and handed over to the employer
B23: Doors, fanlights, windows, fittings, frames, linings, etc which are to be re-used shall be thoroughly overhauled before refixing including taking off, easing and rehanging, cramping up, re-wedging as required and making good cramps, dowels, etc, and oiling, adjusting and repairing ironmongery as necessary, replacing any glass damaged in removal or subsequently and stopping up all nail and screw holes with tinted plastic wood to match timber, unless otherwise described. Re-painting or re-varnishing is given separately
... B34: Breaking down and removing brickwork etc
A36: 1 | B36: Half brick walls | C36: m2 | D36: 12 | F36: =D36*E36 -> 0
A38: 2 | B38: One brick walls | C38: m2 | D38: 47 | F38: =D38*E38 -> 0
B40: Taking out and removing doors, windows, etc from brickwork to be demolished
A42: 3 | B42: Timber single door and steel frame not exceeding 2,5m² | C42: No | D42: 4 | F42: =D42*E42 -> 0
A44: 4 | B44: Timber double door and steel frame exceeding 2,5m² and not exceeding 5m² | C44: No | D44: 2 | F44: =D44*E44 -> 0
A46: 5 | B46: Timber double door and steel frame exceeding 2,5m² and not exceeding 5m² | C46: No | D46: 1 | F46: =D46*E46 -> 0
B48: Taking down and removing roofs, floors, panelling, ceilings, partitions, etc
A50: 6 | B50: Remove existing asbestos roof slates and re-place with Everite Nutec cloud grey plain mitred (code: 020-903) roof slates, OR SIMILAR APPROVED (elsewhere measured), manufactured in accordance with sans 803:2005 (All in accordance with the Occupational Health and Safety Act (85/1993): Asbestos Abatement Regulations, 2020). | C50: m2 | D50: 423 | F50: =D50*E50 -> 0
A52: 7 | B52: Gypsum plasterboard ceilings, including timber brandering, cornices, etc | C52: m2 | D52: 361 | F52: =D52*E52 -> 0
B54: Taking out and removing sundry joinery work, fittings, etc
A56: 8 | B56: Timber skirtings | C56: m | D56: 19 | F56: =D56*E56 -> 0
B58: Taking up and removing wood block floor coverings, vinyl floor coverings, carpets, etc and preparing screeds for new floor coverings
A60: 9 | B60: Carpet tile floor covering | C60: m2 | D60: 105 | F60: =D60*E60 -> 0
B62: Hacking up/off and removing granolithic, screeds, plaster, etc from concrete or brickwork and preparing surfaces for new screed, plaster, tile finishes, etc
A64: 10 | B64: Internal plaster from walls and columns | C64: m2 | D64: 99 | F64: =D64*E64 -> 0
A66: 11 | B66: External plaster from walls, columns and beams | C66: m2 | D66: 99 | F66: =D66*E66 -> 0
B68: Hacking up/off and removing quarry tiles including removing mortar bed or adhesive from concrete or brickwork and preparing surfaces for new screed, plaster, tile finish, etc
A70: 12 | B70: Tiles to floors | C70: m2 | D70: 153 | F70: =D70*E70 -> 0
B72: Taking out and removing sanitary fittings, etc, including disconnecting from pipes, traps, etc and making good floor and wall finishes (making good tiling and paintwork elsewhere)
A74: 13 | B74: Vitreous china wash hand basin | C74: No | D74: 1 | F74: =D74*E74 -> 0
A76: 14 | B76: Vitreous china WC pan with flush valve and flush pipe | C76: No | D76: 1 | F76: =D76*E76 -> 0
A78: 15 | B78: Vitreous china wall hung urinal with flush valve and flush pipe | C78: No | D78: 1 | F78: =D78*E78 -> 0
B80: Taking out/off and removing glass and mirrors
A82: 16 | B82: Glass from timber windows with beads, including cleaning out rebates and preparing for new glass | C82: m2 | D82: 6 | F82: =D82*E82 -> 0
A84: 17 | B84: Glass from steel windows, including cleaning out rebates and preparing for new glass | C84: m2 | D84: 6 | F84: =D84*E84 -> 0
B86: MAKING GOOD OF FINISHES ETC
B88: Making good face brickwork
A90: 18 | B90: Ends of half brick walls | C90: m2 | D90: 4 | F90: =D90*E90 -> 0
B92: Making good timber floor tiles
A94: 19 | B94: Floors where half brick walls removed | C94: m | D94: 16 | F94: =D94*E94 -> 0
B96: Making good and cleaning
A98: 20 | B98: All tiles | C98: m2 | D98: 372 | F98: =D98*E98 -> 0
A100: 21 | B100: Window cills and panels | C100: m2 | D100: 12 | F100: =D100*E100 -> 0
A102: 22 | B102: Window glazing | C102: m2 | D102: 25 | F102: =D102*E102 -> 0
B104: Carried to final summary | E104: Cur | F104: =SUM(F36:F103) -> 0
A105: ITEM NO | D105: QUANTITY | E105: RATE | F105: AMOUNT
B106: BILL NO. 2
B108: EARTHWORKS (PROVISIONAL)
B110: Carting away of excavated material
B112: Descriptions of carting away of excavated material shall be deemed to include loading excavated material onto trucks directly from the excavations or, alternatively, from stock piles situated on the building site
B114: Testing
B116: Prices for filling are to include for all necessary density and other tests
B118: SITE CLEARANCE
B120: Site clearance
A122: 1 | B122: Digging up and removing rubbish, debris, vegetation, hedges, shrubs, bush, etc and trees not exceeding 200mm girth | C122: m2 | D122: 16 | F122: =D122*E122 -> 0
B124: EXCAVATIONS ETC
B126: Excavation in earth not exceeding 2m deep
A128: 2 | B128: Trenches | C128: m3 | D128: 13 | F128: =D128*E128 -> 0
B130: Extra over all excavations for carting away
A132: 3 | B132: Surplus material from excavations and/or stock piles on site, to a dumping site to be located by the contractor | C132: m3 | D132: 13 | F132: =D132*E132 -> 0
B134: Risk of collapse of excavations
A136: 4 | B136: Sides of trench and hole excavations not exceeding 1,5m deep | C136: m2 | D136: 16 | F136: =D136*E136 -> 0
B138: Keeping excavations free of water
A140: 5 | B140: Keeping excavations free of all water other than subterranean water | C140: Item | D140: 1 | F140: =D140*E140 -> 0
B142: FILLING ETC
B144: Selected earth filling obtained from the excavations and/or prescribed stock piles on site, including haulage approximately 5km from the perimeter of the excavations or stock piles, compacted to 95% Mod AASHTO density
A146: 6 | B146: Under floors, steps, pavings, etc | C146: m3 | D146: 19 | F146: =D146*E146 -> 0
A148: 7 | B148: Backfilling to trenches, holes, etc | C148: m3 | D148: 12 | F148: =D148*E148 -> 0
B150: Compaction of ground surfaces
A152: 8 | B152: Compaction of natural or excavated ground surface under floors etc, including scarifying for a depth of 150mm, breaking down oversize material, adding suitable material where necessary and compacting to 95% Mod AASHTO density | C152: m2 | D152: 16 | F152: =D152*E152 -> 0
B154: WEED KILLERS, INSECTICIDES, ETC
B156: Soil insecticide in accordance with SANS 5859
A158: 9 | B158: Under floors etc, including forming and poisoning shallow furrows against foundation walls etc, filling in furrows and ramming | C158: m2 | D158: 7 | F158: =D158*E158 -> 0
A160: 10 | B160: To bottoms and sides of trenches etc | C160: m2 | D160: 13 | F160: =D160*E160 -> 0
B162: TESTS
B164: Prescribed tests to determine degree of compaction or other properties of ground or filling
A166: 11 | B166: Modified AASHTO Density test | C166: No | D166: 3 | F166: =D166*E166 -> 0
B169: Carried to final summary | E169: Cur | F169: =SUM(F122:F168) -> 0
A170: ITEM NO | D170: QUANTITY | E170: RATE | F170: AMOUNT
B171: BILL NO 3
B173: CONCRETE, FORMWORK AND REINFORCEMENT
B175: Cost of tests
B177: The costs of making, storing and testing of concrete test cubes as required under clause 7 "Tests" of SABS 1200 G shall include the cost of providing cube moulds necessary for the purpose, for testing costs and for submitting reports on the tests for approval. The testing shall be undertaken by an approved independent firm or institution nominated by the contractor (test cubes are measured separately)
B179: Formwork
B181: Descriptions of formwork shall be deemed to include use and waste only (except where described as "left in" or "permanent"), for fitting together in the required forms, wedging, plumbing and fixing to true angles and surfaces as necessary to ensure easy release during stripping and for reconditioning as necessary before re-use
B183: The vertical strutting shall be carried down to such construction as is sufficiently strong to afford the required support without damage and shall remain in position until the newly constructed work is able to support itself
B185: Formwork to sides of bases, pile caps, ground beams, etc will only be measured where it is prescribed by the engineer for design reasons. Formwork necessitated by irregularity or collapse of excavated faces will not be measured and the cost thereof shall be deemed to be included in the allowance for taking the risk of collapse of the sides of the excavations, provision for which is made in "Earthworks"
B187: UNREINFORCED CONCRETE CAST ON/IN FORMWORK
B189: UNREINFORCED CONCRETE CAST AGAINST EXCAVATED SURFACES
B191: Unreinforced concrete
B193: 15MPa/19mm concrete
A195: 1 | B195: Surface blinding under surface beds | C195: m3 | D195: 1 | F195: =D195*E195 -> 0
A197: 2 | B197: Surface blinding under footings and bases | C197: m3 | D197: 1 | F197: =D197*E197 -> 0
B199: 25MPa/19mm concrete
A201: 3 | B201: Strip footings | C201: m3 | D201: 4 | F201: =D201*E201 -> 0
A203: 4 | B203: Surface beds | C203: m3 | D203: 2 | F203: =D203*E203 -> 0
...

Sheet Electrical Works
A1: SANBI guest house
A3: Electrictrical Installation Bill of Quantity
A5: ITEM | B5: DESCRIPTION | C5: UNIT | D5: QTY | E5: RATE | F5: PRICE
B7: BILL No. 1 - CONTRACT CONDITIONS
A9: 1.1 | B9: COMPLIANCE WITH CONDITIONS
B11: Nett price for compliance with the Conditions of Contract, the Special Conditions of Contract, various specifications, which costs are not specifically covered elsewhere or by unit rates and quantities. No additional amount of scheduled items shall be entertained. | C11: Sum | D11: 1 | F11: =+E11*D11 -> 0
A13: 1.2 | B13: SURETY
B15: Allow for the provision of a performance guarantee for the contract value - refer to the main contract preliminaries attached | C15: Sum | D15: 1 | F15: =+E15*D15 -> 0
A17: 1.3 | B17: SITE ESTABLISHMENT
B19: Allow for the electrical site establishment, all associated services and for storage of plant, materials and equipment including protection thereof | C19: Sum | D19: 1 | F19: =+E19*D19 -> 0
A21: 1.4 | B21: TRANSPORT
B23: Provide and arrange for transport and off loading of all electrical material and equipment to site as well as workmen and staff for 18 Months | C23: Sum | D23: 1 | F23: =+E23*D23 -> 0
A25: 1.5 | B25: COMMISSIONING AND TESTING
B27: Supply all test equipment and labour for testing, commissioning and adjustment for all the sections of the installation | C27: Sum | D27: 1 | F27: =+E27*D27 -> 0
A29: 1.6 | B29: DRAWINGS
B31: Making reference, to other relevant drawings e.g. Civil, Structural, Architectural existing services etc | C31: Sum | D31: 1 | F31: =+E31*D31 -> 0
A33: 1.7 | B33: AS BUILT DRAWINGS
B35: Compilation of as built drawings for the complete electrical installation
C36: Sum | D36: 1 | F36: =+E36*D36 -> 0
A37: 1.8 | B37: EXTRACTS FROM THE PRINCIPAL CONTRACTOR
B39: Allowance for any costs associated with the requirements of the Principal Contract preliminaries which may affect the selected sub contractor | C39: Sum | D39: 1 | F39: =+E39*D39 -> 0
A41: 1.9
B43: Allow for a maintenance period, material and workmanship but tear and normal maintenance excluded | C43: Sum | D43: 1 | F43: =+E43*D43 -> 0
A45: 1.10 | B45: GUARANTEE PERIOD
B47: Allow for a guarantee period on all the electrical and electronic equipment but items such as lamps excluded | C47: Sum | D47: 1 | F47: =+E47*D47 -> 0
B53: SUB - TOTAL CARRIED FORWARD TO NEXT PAGE | F53: =SUM(F11:F52) -> 0
A56: ITEM | B56: DESCRIPTION | C56: UNIT | D56: QTY | E56: RATE | F56: PRICE
B58: Sub-total brought forward | F58: =+F53 -> 0
A60: 1.11 | B60: ADDITIONAL
B62: Allow for the following additional item(s):
A64: 1.11.1 | B64: Any time related items | C64: Sum | D64: 1 | F64: =+E64*D64 -> 0
A66: 1.11.2 | B66: Temporary electrical connection and usage | C66: Sum | D66: 1 | F66: =+E66*D66 -> 0
A69: 1.12 | B69: STRIPING EXISTING INSTALLATION
B71: Allow a sum amount for the stripping of the electrical installation, liason with the Client, handing over of all equipment to the Client, arrange for switching off of power supplies and make save of outlet points, etc | C71: Sum | D71: 1 | F71: =+E71*D71 -> 0
A73: 1.13 | B73: OTHER NECESSARY WORKS
B75: All other works necessary to complete the installation in a satisfactory manner, and in accordance with the drawings, specification, SABS Code of Practice, the Local Authorities requirements, and to the Engineers satisfaction to include for items specified or shown but not itemised in this bill | C75: Sum | D75: 1 | F75: =+E75*D75 -> 0
B81: CARRIED OVER TO SUMMARY EXCLUDING VAT | F81: =SUM(F58:F76) -> 0
A82: ITEM | B82: DESCRIPTION | C82: UNIT | D82: QTY | E82: RATE | F82: PRICE
B83: Bill No. 7 Manor house
A85: 1 | B85: DISTRIBUTION BOARDS
B87: Supply the following Distribution Boards complete with all switchgear, accessories as specified on the schematic layouts, all fitted in the factory and tested, including delivery to site and off-loading in accordance with the single lines.:
A89: =A85+0.1 -> 1.1 | B89: Supply and install DB | C89: No. | D89: 1 | F89: =+E89*D89 -> 0
A91: 2 | B91: CABLE AND CABLE TERMINATIONS
A93: =A91+0.1 -> 2.1 | B93: From Floor DB to Sub-DB
B95: Supply and install 6 mm² 3-core PVC black coper conductor | C95: m | D95: 0 | F95: =+E95*D95 -> 0
B97: Supply and install 6 mm² 3-core PVC red coper conductor | C97: m | D97: 0 | F97: =+E97*D97 -> 0
B99: Supply and install 6mm² 3-core PVC/SWA/PVC Cable Termination | C99: No | D99: 0 | F99: =+E99*D99 -> 0
A101: 3 | B101: CONDUITS
B103: Supply and install conduit complete with all accessories including couplings, bending and fixings as specified:
A105: =A101+0.1 -> 3.1 | B105: 20mm conduit - cast in wall and installed under soffit | C105: m | D105: 100 | F105: =+E105*D105 -> 0
A107: =A105+0.1 -> 3.2 | B107: 32mm conduit - cast in wall and installed under soffit | C107: m | D107: 12 | F107: =+E107*D107 -> 0
A110: =A101+1 -> 4 | B110: CONDUIT BOXES
B112: Supply and install conduit boxes complete with all accessories including conduit terminations
A114: =A110+0.1 -> 4.1 | B114: Supply and install 60mm round, 25mm deep for 20mm conduit mounted flush in wall or fixed to surface | C114: No | D114: 8 | F114: =+E114*D114 -> 0
B116: Outlet Boxes excluding covers
A118: =A114+0.1 -> 4.2 | B118: 100mm x 50mm x 50mm conduit box | C118: No | D118: 3 | F118: =+E118*D118 -> 0
A120: =A118+0.1 -> 4.3 | B120: 100mm x 100mm x 50mm conduit box | C120: No | D120: 10 | F120: =+E120*D120 -> 0
A122: =A110+1 -> 5 | B122: WIRING
B124: Supply and install PVC insulated copper conductors in required colours, drawn into conduit or trucking:
A125: =A122+0.1 -> 5.1 | B125: Supply and install 2.5mm2 PVC Wire | C125: m | D125: 500 | F125: =+E125*D125 -> 0
A127: =A125+0.1 -> 5.2 | B127: Supply and install 4mm2 PVC Wire | C127: m | D127: 100 | F127: =+E127*D127 -> 0
A129: =A127+0.1 -> 5.3 | B129: Supply and install 2.5mm2 BCEW | C129: m | D129: 500 | F129: =+E129*D129 -> 0
A131: =A129+0.1 -> 5.4 | B131: Supply and install 4mm2 BCEW | C131: m | D131: 100 | F131: =+E131*D131 -> 0
B138: SUB - TOTAL CARRIED FORWARD TO NEXT PAGE | F138: =SUM(F89:F134) -> 0
A140: ITEM | B140: DESCRIPTION | C140: UNIT | D140: QTY | E140: RATE | F140: PRICE
B142: Sub - total brought forward | F142: =+F138 -> 0
A144: =A122+1 -> 6 | B144: LIGHT SWITCHES
B146: Supply, install and connect flush mounted light switch complete with cover plate and all accessories:
A147: =A144+0.1 -> 6.1 | B147: Supply and install 16A 1 way lever light switch complete with cover plate | C147: No | D147: 4 | F147: =+E147*D147 -> 0
A149: =A147+0.1 -> 6.2 | B149: Supply and install 16A 1 way 2 lever light switch complete with cover plate | C149: No | D149: 4 | F149: =+E149*D149 -> 0
A151: =A147+0.1 -> 6.2 | B151: Supply and install 16A 1 way 3 lever light switch complete with cover plate | C151: No | D151: 0 | F151: -
A153: =A149+0.1 -> 6.3 | B153: Adjustable coverage area Dual motion Sensors for both heaters and luminaires | C153: No | D153: 0 | F153: =+E153*D153 -> 0
A155: =A153+0.1 -> 6.4 | B155: Dimming light motion Sensors | C155: No | D155: 0 | F155: =+E155*D155 -> 0
A157: =A144+1 -> 7 | B157: LUMINAIRES
B159: Supply, install and connect luminaires mounted as specified, complete with lamps, control gear and all accessories:
A161: =A157+0.1 -> 7.1 | B161: Type A1 - 2 x 18W T8 LED, 1200mm Surface open channel low brightness light fitting c/w louvre | C161: No | D161: 1 | F161: =+E161*D161 -> 0
A163: =A161+0.1 -> 7.2 | B163: Type A2 - 2 x 18W T8 LED, 600mm x 1200mm Surface open channel low brightness light fitting c/w louvre to be rescessed mounted in ceiling. | C163: No | D163: 9 | F163: =+E163*D163 -> 0
A165: =A163+0.1 -> 7.3 | B165: Type G -18W LED down lighter with 40 degrees beam angle | C165: No | D165: 1 | F165: =+E165*D165 -> 0
A168: =A157+2 -> 9 | B168: SWITCHED AND UNSWITCHED SOCKET OUTLETS
B170: Supply, install and connect Switched socket outlets mounted flush in wall or in powerskirting as specified, complete with cover plates and all accessories:
A172: =A168+0.1 -> 9.1 | B172: Supply and install 16A Single switched socket outlet mounted at 1200 AFFL c/o with metal cover plate. (White). Socket 2 16A slimline and 2 2A USB sockets | C172: No | D172: 5 | F172: =+E172*D172 -> 0
A174: =A172+0.1 -> 9.2 | B174: Supply and install 16A Single switched weather proof socket outlet mounted c/w metal cover plates. (White) | C174: No | D174: 0 | F174: -
A176: =A174+0.1 -> 9.3 | B176: Supply and install 16A Single switched socket outlet mounted below or close to heater c/w metal cover for connection of heaters. (White) | C176: No | D176: 0 | F176: =+E176*D176 -> 0
A179: =A176+0.1 -> 9.4 | B179: Supply and install 16A double switched socket outlet c/w metal cover plate. (White) | C179: No | D179: 0 | F179: -
A181: =A179+0.1 -> 9.5 | B181: Supply and install 16A single switched socket outlet mounted on power skirting. (White) | C181: No | D181: 0 | F181: -
A183: =A181+0.1 -> 9.6 | B183: Supply and install 16A Double switched socket outlet. (White) | C183: No | D183: 0 | F183: -
A185: =A183+0.1 -> 9.7 | B185: Supply and install 16A single switched dedicated socket outlet power skirting c/w metal cover plate. (Red/Blue) | C185: No | D185: 0 | F185: =+E185*D185 -> 0
A187: =A185+0.1 -> 9.8 | B187: Supply and install 5A unswitched socket outlets for light fittings | C187: No | D187: 0 | F187: =+E187*D187 -> 0
B191: SUB - TOTAL CARRIED FORWARD TO NEXT PAGE | F191: =SUM(F140:F190) -> 0
A193: ITEM | B193: DESCRIPTION | C193: UNIT | D193: QTY | E193: RATE | F193: PRICE
B195: Sub - total brought forward | F195: =+F191 -> 0
A197: =A168+1 -> 10 | B197: ISOLATORS
B199: Supply and install Isolators mounted as specified complete with cover plate and all accessories.
A201: =A197+0.1 -> 10.1 | B201: 5A - Single Phase Isolator. (toilet extraction fan) | C201: No | D201: 1 | F201: =D201*E201 -> 0
A203: =A201+0.1 -> 10.2 | B203: 10A - Single Phase Isolator. (Roof AC) | C203: No | D203: 2 | F203: =D203*E203 -> 0
A205: =A203+0.1 -> 10.3 | B205: 63A - Three Phase Isolator c/w IP 65 encloser. (Out door office) | C205: No | D205: 2 | F205: =D205*E205 -> 0
A207: =A205+0.1 -> 10.4 | B207: 20A - Single Phase Isolator. (Stove) | C207: No | D207: 0 | F207: =D207*E207 -> 0
A209: =A207+0.1 -> 10.5 | B209: 32A - 5pin welding switch socket outlet. (Welding) | C209: No | D209: 0 | F209: =D209*E209 -> 0
A213: =A168+1 -> 10 | B213: Heater
B215: Supply and install Isolators mounted as specified complete with cover plate and all accessories.
...

Sheet Manor house Mechanical
A1: KIRSTENBOSCH NATIONAL BOTANICAL GARDEN LODGES
A2: HEATING, VENTILATION AND AIR CONDITIONING
A3: Item | B3: Description | C3: Unit | D3: Qty | E3: Unit Cost | F3: Total Cost
B5: MANOR HOUSE
B7: HEATING, VENTILATION, AND AIR CONDITIONING
B9: Design, manufacture, works testing, supply and deliver to site, moving into position, erection, connecting up, site testing, witness testing, providing to insurance inspectors, demonstrating to the Employer, commissioning and maintenance of the complete mechanical systems and equipment as shown on the drawings.
A11: 1 | B11: Manor House
A13: 1.1 | B13: Main House
A15: 1.1.1 | B15: Air Conditioning Units - Split Units
A17: 1.1.1.1 | B17: 2.8 kW Cooling and 3.2 kW Heating Capacity Highwall Split Unit Inverter Type R410A.
B18: Supply | C18: No | D18: 2 | F18: =D18*E18 -> 0
B19: Install | C19: No | D19: 2 | F19: =D19*E19 -> 0
A21: 1.1.1.2 | B21: 3.6kW Cooling and 4.0 kW Heating Capacity Highwall Split Unit Inverter Type R410A.
B22: Supply | C22: No | D22: 1 | F22: =D22*E22 -> 0
B23: Install | C23: No | D23: 1 | F23: =D23*E23 -> 0
A25: 1.1.1.3 | B25: 7.1 kW Cooling and 8.0 kW Heating Capacity Highwall Split Unit Inverter Type R410A.
B26: Supply | C26: No | D26: 2 | F26: =D26*E26 -> 0
B27: Install | C27: No | D27: 2 | F27: =D27*E27 -> 0
A29: 1.1.2 | B29: Refrigerant Pipes R410A
B31: * Supply and Install insulated Refrigerant R410A Pipes
A32: 1.1.2.1 | B32: Diameter 6mm copper pipe | C32: m | D32: 42 | F32: =D32*E32 -> 0
A33: 1.1.2.2 | B33: Diameter 9mm copper pipe | C33: m | D33: 40 | F33: =D33*E33 -> 0
A34: 1.1.2.3 | B34: Copper pipes Bends, Reducers etc. | C34: Item | D34: 1 | F34: =D34*E34 -> 0
A35: 1.1.2.4 | B35: Cable trays to suit the installation | C35: Item | D35: 1 | F35: =D35*E35 -> 0
A37: 1.1.3 | B37: Condensate Drain Pipe
A39: 1.1.3.1 | B39: Diameter 25mm condensate drain pipe to the nearest drain | C39: m | D39: 50 | F39: =D39*E39 -> 0
A41: 1.1.5 | B41: Electrical Works
A43: 1.5.1 | B43: Electrical installation & wiring etc, complete for Split units including local starter/isolator switch | C43: Item | D43: 5 | F43: =D43*E43 -> 0
A45: 1.1.6 | B45: Ablution Extration Fans
A47: 1.1.6.1 | B47: Extraction fan
A49: 1.1.6.1.1 | B49: 336m3/hr wall mounted extraction fan linked to the lights.
B50: Supply | C50: No | D50: 7 | F50: =D50*E50 -> 0
B51: Install | C51: No | D51: 7 | F51: =D51*E51 -> 0
A53: 1.1.6.1.2 | B53: 850m3/hr wall mounted extraction fan linked to the lights.
B54: Supply | C54: No | D54: 1 | F54: =D54*E54 -> 0
B55: Install | C55: No | D55: 1 | F55: =D55*E55 -> 0
A57: 1.1.6.1.3 | B57: 336m3/hr ceiling mounted extraction fan linked to the lights.
B58: Supply | C58: No | D58: 2 | F58: =D58*E58 -> 0
B59: Install | C59: No | D59: 2 | F59: =D59*E59 -> 0
A61: 1.1.6.1.4 | B61: 400x300 Door Grill
B62: Supply | C62: No | D62: 10 | F62: =D62*E62 -> 0
B63: Install | C63: No | D63: 10 | F63: =D63*E63 -> 0
A65: 1.2 | B65: Manor House Annex 1
A67: 1.2.1 | B67: Air Conditioning Units - Split Units
A69: 1.2.1.1 | B69: 2.8 kW Cooling and 3.2 kW Heating Capacity Highwall Split Unit Inverter Type R410A.
B70: Supply | C70: No | D70: 1 | F70: =D70*E70 -> 0
B71: Install | C71: No | D71: 1 | F71: =D71*E71 -> 0
A73: 1.2.2 | B73: Refrigerant Pipes R410A
B75: * Supply and Install insulated Refrigerant R410A Pipes
A76: 1.2.2.1 | B76: Diameter 6mm copper pipe | C76: m | D76: 15 | F76: =D76*E76 -> 0
A77: 1.2.2.2 | B77: Diameter 9mm copper pipe | C77: m | D77: 15 | F77: =D77*E77 -> 0
A78: 1.2.2.3 | B78: Copper pipes Bends, Reducers etc. | C78: Item | D78: 1 | F78: =D78*E78 -> 0
A79: 1.2.2.4 | B79: Cable trays to suit the installation | C79: Item | D79: 1 | F79: =D79*E79 -> 0
A81: 1.2.3 | B81: Condensate Drain Pipe
A83: 1.2.3.1 | B83: Diameter 25mm condensate drain pipe to the nearest drain | C83: m | D83: 6 | F83: =D83*E83 -> 0
A84: 1.2.4 | B84: Electrical Works
A86: 1.2.4.1 | B86: Electrical installation & wiring etc, complete for Split units including local starter/isolator switch | C86: Item | D86: 1 | F86: =D86*E86 -> 0
A88: 1.2.5 | B88: Ablution Extration Fans
A90: 1.2.5.1 | B90: Extraction fan
A92: 1.2.5.1.1 | B92: 336m3/hr wall mounted extraction fan linked to the lights.
B93: Supply | C93: No | D93: 1 | F93: =D93*E93 -> 0
B94: Install | C94: No | D94: 1 | F94: =D94*E94 -> 0
A96: 1.2.5.1.2 | B96: 400x300 Door Grill
B97: Supply | C97: No | D97: 1 | F97: =D97*E97 -> 0
B98: Install | C98: No | D98: 1 | F98: =D98*E98 -> 0
A100: 1.3 | B100: Manor House Annex 2
A102: 1.3.1 | B102: Air Conditioning Units - Split Units
A104: 1.3.1.1 | B104: 5.1kW Cooling and 6.0 kW Heating Capacity Highwall Split Unit Inverter Type R410A.
B105: Supply | C105: No | D105: 1 | F105: =D105*E105 -> 0
B106: Install | C106: No | D106: 1 | F106: =D106*E106 -> 0
A108: 1.3.2 | B108: Refrigerant Pipes R410A
B110: * Supply and Install insulated Refrigerant R410A Pipes
A111: 1.3.2.1 | B111: Diameter 6mm copper pipe | C111: m | D111: 15 | F111: =D111*E111 -> 0
A112: 1.3.2.2 | B112: Diameter 9mm copper pipe | C112: m | D112: 15 | F112: =D112*E112 -> 0
A113: 1.3.2.3 | B113: Copper pipes Bends, Reducers etc. | C113: Item | D113: 1 | F113: =D113*E113 -> 0
A114: 1.3.2.4 | B114: Cable trays to suit the installation | C114: Item | D114: 1 | F114: =D114*E114 -> 0
A116: 1.3.3 | B116: Condensate Drain Pipe
A118: 1.3.3.1 | B118: Diameter 25mm condensate drain pipe to the nearest drain | C118: m | D118: 6 | F118: =D118*E118 -> 0
A119: 1.3.4 | B119: Electrical Works
A121: 1.3.4.1 | B121: Electrical installation & wiring etc, complete for Split units including local starter/isolator switch | C121: Item | D121: 1 | F121: =D121*E121 -> 0
A123: 1.3.5 | B123: Ablution Extration Fans
A125: 1.3.5.1 | B125: Extraction fan
A127: 1.3.5.1.1 | B127: 336m3/hr wall mounted extraction fan linked to the lights.
B128: Supply | C128: No | D128: 1 | F128: =D128*E128 -> 0
B129: Install | C129: No | D129: 1 | F129: =D129*E129 -> 0
A131: 1.3.5.1.2 | B131: 400x300 Door Grill
B132: Supply | C132: No | D132: 1 | F132: =D132*E132 -> 0
B133: Install | C133: No | D133: 1 | F133: =D133*E133 -> 0
A135: 2 | B135: Project Engineering Management and Quality Control
A137: 2.1 | B137: Testing, balancing, commissioning and handover of air conditioning units and fans including compilation of submitted to the Engineer for approval. | C137: Item | D137: 1 | F137: =D137*E137 -> 0
A139: 2.2 | B139: Operation and Maintenance Instruction Manuals | C139: Set | D139: 4 | F139: =D139*E139 -> 0
A141: 2.3 | B141: User Training | C141: hours | D141: 2 | F141: =D141*E141 -> 0
A143: 2.4 | B143: Sets of "as built' drawings "including 1 cd" | C143: No | D143: 4 | F143: =D143*E143 -> 0
A145: 2.5 | B145: 12 Months free maintenance | C145: Item | D145: 1 | F145: =D145*E145 -> 0
A147: 2.6 | B147: Any other item neccesary that might have been omitted that might be necessary for completion of installation (please specify). | C147: Item | D147: 1 | F147: =D147*E147 -> 0
A149: 2.7 | B149: Any other item neccesary that might have been omitted | C149: Item | D149: 1 | F149: =D149*E149 -> 0
A151: 2.8 | B151: Provide OSH certificate for compliance | C151: Item | D151: 1 | F151: =D151*E151 -> 0
A153: 2.9 | B153: Allow for rigging, lifting gear and cranes in moving plant and equipment in positions | C153: Item | D153: 1 | F153: =D153*E153 -> 0
A155: 3 | B155: TEST & COMMISSION
B157: Test and Commission the Entire system | C157: Item | D157: 1 | F157: =D157*E157 -> 0
...

Sheet Provisional sums
A1: ITEM NO | D1: QUANTITY | E1: RATE | F1: AMOUNT
B3: SECTION NO. 3 : PROVISIONAL SUMS
B5: BILL NO 1
B7: PROVISIONAL SUMS
B9: Provisional sums are net. Provisional sums are for material and equipment supplied and installed complete by firms of specialists
B11: Profit
B13: Where stated, the contractor may allow for profit if required
B15: PROVISIONAL SUMS
B17: Built-in cupboards etc
A19: 62 | B19: Provide the sum of Fifty-five thousand rands (R55000.00) for built-in cupboards and joinery | C19: Item | D19: 1 | E19: 55000
A21: 63 | B21: Profit | C21: Item | D21: =F19 -> 0
A23: 64 | B23: Attendance | C23: Item | D23: =F19 -> 0
B25: Signage
A27: 83 | B27: Provide the sum of Ten thousand rands (R10000.00) for signage | C27: Item | D27: 1 | E27: 10000
A29: 84 | B29: Profit | C29: Item | D29: =F27 -> 0
A31: 85 | B31: Attendance | C31: Item | D31: =F27 -> 0
B33: Balustrades etc
A35: 92 | B35: Provide the sum of Sixty thousand rands (R60000.00) for balustrades, handrails, etc | C35: Item | D35: 1 | E35: 60000
A37: 93 | B37: Profit | C37: Item | D37: =F35 -> 0
A39: 94 | B39: Attendance | C39: Item | D39: =F35 -> 0
B41: Furniture
A43: 137 | B43: Provide the sum of Four-hundred thousand rands (R400000.00) for mall furniture | C43: Item | D43: 1 | E43: 400000
A45: 138 | B45: Profit | C45: Item | D45: =F43 -> 0
A47: 139 | B47: Attendance | C47: Item | D47: =F43 -> 0
B49: Artwork
A51: 149 | B51: Provide the sum of Thirty-five thousand rands (R35000.00) for artwork | C51: Item | D51: 1 | E51: 35000
A53: 150 | B53: Profit | C53: Item | D53: =F51 -> 0
A55: 151 | B55: Attendance | C55: Item | D55: =F51 -> 0
B57: Access control and building management services
A59: 176 | B59: Provide the sum of One-hundred and twenty thousand rands (R120000.00) for access control and building management services | C59: Item | D59: 1 | E59: 120000
A61: 177 | B61: Profit | C61: Item | D61: =F59 -> 0
A63: 178 | B63: Attendance | C63: Item | D63: =F59 -> 0
B65: Carried to final summary | E65: Cur | F65: =SUM(F15:F64) -> 0

Sheet Final summary
B1: SUMMARY
A3: 1 | B3: Preliminaries | C3: Page | F3: =Preliminaries!F410 -> 0
A5: 2 | B5: Manor house, Annex building 01 Manor & Annex building 02 Manor | C5: Page | F5: ='Building works'!F800 -> 0
A7: 3 | B7: Guest house 14 & Guest house 14 Annex | C7: Page | F7: ='Building works'!F1277 -> 0
A9: 4 | B9: Gate house 1, Gate house 2 & Gate house 3 | C9: Page | F9: ='Building works'!F1491 -> 0
A11: 21 | B11: Electrical work | C11: Page | F11: ='Electrical Works'!F275 -> 0
A13: 22 | B13: Mechanical work | C13: Page | F13: ='Manor house Mechanical'!F1072 -> 0
A15: 27 | B15: Provisional sums | C15: Page | F15: ='Provisional sums'!F65 -> 0
B17: Sub-total | E17: Cur | F17: =SUM(F3:F16) -> 0
B19: Contingency
B21: Allow ten percent (10%) of the above sub-total for contingencies to be used as directed. | C21: Item | D21: 0.1 | F21: =F17*D21 -> 0
B23: Sub-total | E23: Cur | F23: =SUM(F17:F22) -> 0
B25: Value Added Tax
B27: Allow fourteen per cent (14%) of the above sub-total for Value Added Tax | C27: Item | D27: 0.14 | F27: =F23*D27 -> 0
B30: Carried to form of tender | E30: Cur | F30: =SUM(F23:F29) -> 0
